APP
OGDEN RAPTORS @ KINGSPORT METS
10/16/2046
 
TOP OF THE 1ST
San Francisco (APP) Giants batting - Pitching for Miami (APP) Marlins : RHP Yoshiro Tagawa
Pitching: RHP Yoshiro Tagawa
Batting: LHB Wilson Ayala 0-0: Called Strike
0-1: Foul Ball, location: 2F
0-2: Ground out 4-3 (Groundball, 34, EV 84.4 MPH)
Batting: LHB A.J. Paine 0-0: Ball
1-0: Foul Ball, location: 2F
1-1: Ball
2-1: Ball
3-1: Base on Balls
Batting: RHB Bobby Arteaga 0-0: Grounds into double play, 5-4-3 (Groundball, 56, EV 105.0 MPH)
Top of the 1st over - 0 runs, 0 hits, 0 errors, 0 left on base; San Francisco (APP) 0 - Miami (APP) 0
BOTTOM OF THE 1ST
Miami (APP) Marlins batting - Pitching for San Francisco (APP) Giants : RHP Marcos Murcia
Pitching: RHP Marcos Murcia
Batting: RHB Lu Tieh 0-0: Called Strike
0-1: Ground out 5-3 (Groundball, 56S, EV 90.6 MPH)
Batting: RHB Ben Jezak 0-0: Ball
1-0: Called Strike
1-1: Foul Ball, location: 2F
1-2: Ball
2-2: Foul Ball, location: 2F
2-2: SINGLE (Groundball, 4, EV 89.4 MPH) (infield hit)
Batting: SHB Matt Altieri 0-0: Called Strike
0-1: Ball
1-1: Ball
2-1: Ball
3-1: Base on Balls
Ben Jezak to second
Batting: RHB Kurt Wagner 0-0: Foul Ball, location: 2F
0-1: Ball
1-1: Called Strike
1-2: Fly out, F9 (Flyball, 9LSF, EV 80.6 MPH)
Batting: LHB Tom Wleklinski 0-0: Ball
1-0: SINGLE (Groundball, 4MD, EV 98.8 MPH)
Ben Jezak to third
Matt Altieri to second
Batting: LHB D.J. White 0-0: Called Strike
0-1: Called Strike
0-2: Reached on error, E4 (Groundball, 4S, EV 69.4 MPH)
Ben Jezak scores
Matt Altieri scores
Tom Wleklinski to third
Batting: RHB Nate Stephenson 0-0: Called Strike
0-1: Fly out, F7 (Line Drive, 7, EV 88.1 MPH)
Bottom of the 1st over - 2 runs, 2 hits, 1 error, 2 left on base; San Francisco (APP) 0 - Miami (APP) 2
TOP OF THE 2ND
San Francisco (APP) Giants batting - Pitching for Miami (APP) Marlins : RHP Yoshiro Tagawa
Batting: RHB Nate Stio 0-0: Fly out, F9 (Flyball, 9S, EV 83.8 MPH)
Batting: RHB Gregorio Contreras 0-0: Ball
1-0: Foul Ball, location: 2F
1-1: Ball
2-1: Ball
3-1: Foul Ball, location: 2F
3-2: Fly out, F8 (Flyball, 8LS, EV 74.4 MPH)
Batting: RHB Luis Andrade 0-0: SINGLE (Groundball, 56D, EV 105.0 MPH)
Batting: RHB Antonio Ocampo 0-0: Ball
Luis Andrade steals 2nd base
1-0: Ball
2-0: Ball
3-0: Called Strike
3-1: Ground out 5-3 (Groundball, 56, EV 92.5 MPH)
Top of the 2nd over - 0 runs, 1 hit, 0 errors, 1 left on base; San Francisco (APP) 0 - Miami (APP) 2
BOTTOM OF THE 2ND
Miami (APP) Marlins batting - Pitching for San Francisco (APP) Giants : RHP Marcos Murcia
Batting: RHB Mario Navarro 0-0: Called Strike
0-1: Swinging Strike
0-2: Strikes out swinging
Batting: LHB Yoshiro Tagawa 0-0: Ground out 4-3 (Groundball, 4, EV 86.3 MPH)
Batting: RHB Lu Tieh 0-0: Ball
1-0: Foul Ball, location: 2F
1-1: Ball
2-1: Ball
3-1: Foul Ball, location: 2F
3-2: Ground out 6-3 (Groundball, 6, EV 108.1 MPH)
Bottom of the 2nd over - 0 runs, 0 hits, 0 errors, 0 left on base; San Francisco (APP) 0 - Miami (APP) 2
TOP OF THE 3RD
San Francisco (APP) Giants batting - Pitching for Miami (APP) Marlins : RHP Yoshiro Tagawa
Batting: RHB Luis Herrera 0-0: Ball
1-0: Ball
2-0: Ball
3-0: Called Strike
3-1: Foul Ball, location: 2F
3-2: Base on Balls
Batting: RHB Marcos Murcia 0-0: Ball
1-0: Sac Bunt to 3S - play at first, batter OUT! 3-4
Luis Herrera to second
Batting: LHB Wilson Ayala 0-0: Ball
1-0: Called Strike
1-1: Ground out 4-3 (Groundball, 4, EV 110.0 MPH)
Luis Herrera to third
Batting: LHB A.J. Paine 0-0: Ball
1-0: Ball
Wild Pitch!
Luis Herrera scores
2-0: Ball
3-0: Called Strike
3-1: Called Strike
3-2: Foul Ball, location: 2F
3-2: Base on Balls
Batting: RHB Bobby Arteaga 0-0: Swinging Strike
0-1: Ball
1-1: Foul Ball, location: 2F
1-2: Ball
2-2: Strikes out swinging
Top of the 3rd over - 1 run, 0 hits, 0 errors, 1 left on base; San Francisco (APP) 1 - Miami (APP) 2
BOTTOM OF THE 3RD
Miami (APP) Marlins batting - Pitching for San Francisco (APP) Giants : RHP Marcos Murcia
Batting: RHB Ben Jezak 0-0: Called Strike
0-1: Ball
1-1: Ball
2-1: Ball
3-1: Foul Ball, location: 2F
3-2: DOUBLE (Flyball, 78XD, EV 95.6 MPH)
Batting: SHB Matt Altieri 0-0: Ground out U3 (Groundball, 3L, EV 83.1 MPH)
Ben Jezak to third
Batting: RHB Kurt Wagner 0-0: Ball
1-0: Ball
2-0: Called Strike
2-1: Ball
3-1: Base on Balls
Batting: LHB Tom Wleklinski 0-0: Ball
Kurt Wagner steals 2nd base
1-0: Swinging Strike
1-1: Foul Ball, location: 2F
1-2: Foul Ball, location: 2F
1-2: Fly out, F7 (Flyball, 7LS, EV 78.1 MPH)
Batting: LHB D.J. White 0-0: Ball
1-0: Swinging Strike
1-1: Ball
2-1: Ball
3-1: Ground out 4-3 (Groundball, 4S, EV 86.9 MPH)
Bottom of the 3rd over - 0 runs, 1 hit, 0 errors, 2 left on base; San Francisco (APP) 1 - Miami (APP) 2
TOP OF THE 4TH
San Francisco (APP) Giants batting - Pitching for Miami (APP) Marlins : RHP Yoshiro Tagawa
Batting: RHB Nate Stio 0-0: Ball
1-0: Called Strike
1-1: Swinging Strike
1-2: Ball
2-2: Strikes out swinging
Batting: RHB Gregorio Contreras 0-0: Ball
1-0: Foul Ball, location: 2F
1-1: SINGLE (Line Drive, 8RS, EV 91.9 MPH)
Batting: RHB Luis Andrade 0-0: Ball
1-0: Called Strike
1-1: Ball
2-1: Foul Ball, location: 2F
2-2: Strikes out swinging
Batting: RHB Antonio Ocampo 0-0: Called Strike
Gregorio Contreras steals 2nd base
0-1: Called Strike
0-2: Foul Ball, location: 2F
0-2: DOUBLE (Line Drive, 7LS, EV 100.6 MPH)
Gregorio Contreras scores
Batting: RHB Luis Herrera 0-0: Intentional Walk
Batting: RHB Marcos Murcia 0-0: Ball
Wild Pitch!
Antonio Ocampo to third
Luis Herrera to second
1-0: Swinging Strike
1-1: Ground out 6-3 (Groundball, 6, EV 103.1 MPH)
Top of the 4th over - 1 run, 2 hits, 0 errors, 2 left on base; San Francisco (APP) 2 - Miami (APP) 2
BOTTOM OF THE 4TH
Miami (APP) Marlins batting - Pitching for San Francisco (APP) Giants : RHP Marcos Murcia
Batting: RHB Nate Stephenson 0-0: Ground out 1-3 (Groundball, 15S, EV 73.8 MPH)
Batting: RHB Mario Navarro 0-0: Ball
1-0: Ball
2-0: Ground out 4-3 (Groundball, 34, EV 80.0 MPH)
Batting: LHB Yoshiro Tagawa 0-0: Ball
1-0: Swinging Strike
1-1: Called Strike
1-2: Foul Ball, location: 2F
1-2: Ball
2-2: Ball
3-2: Strikes out swinging
Bottom of the 4th over - 0 runs, 0 hits, 0 errors, 0 left on base; San Francisco (APP) 2 - Miami (APP) 2
TOP OF THE 5TH
San Francisco (APP) Giants batting - Pitching for Miami (APP) Marlins : RHP Yoshiro Tagawa
Batting: LHB Wilson Ayala 0-0: Ball
1-0: Ball
2-0: Swinging Strike
2-1: Ground out 4-3 (Groundball, 4, EV 106.9 MPH)
Batting: LHB A.J. Paine 0-0: Ball
1-0: Called Strike
1-1: Foul Ball, location: 2F
1-2: Ball
2-2: Strikes out swinging
Batting: RHB Bobby Arteaga 0-0: Ball
1-0: SINGLE (Line Drive, 7S, EV 107.5 MPH)
Batting: RHB Nate Stio 0-0: Called Strike
Bobby Arteaga steals 2nd base
0-1: Ball
1-1: Ball
2-1: Ball
3-1: Called Strike
3-2: Strikes out looking
Top of the 5th over - 0 runs, 1 hit, 0 errors, 1 left on base; San Francisco (APP) 2 - Miami (APP) 2
BOTTOM OF THE 5TH
Miami (APP) Marlins batting - Pitching for San Francisco (APP) Giants : RHP Marcos Murcia
Batting: RHB Lu Tieh 0-0: Ground out 1-3 (Groundball, 15S, EV 71.3 MPH)
Batting: RHB Ben Jezak 0-0: Ground out 1-3 (Groundball, 13S, EV 67.5 MPH)
Batting: SHB Matt Altieri 0-0: DOUBLE (Line Drive, 7LD, EV 105.0 MPH)
Batting: RHB Kurt Wagner 0-0: Ball
1-0: Ball
2-0: Foul Ball, location: 2F
2-1: Ball
3-1: Base on Balls
Batting: LHB Tom Wleklinski 0-0: Foul Ball, location: 2F
0-1: Foul Ball, location: 2F
0-2: Ball
1-2: Ball
2-2: Fly out, F9 (Flyball, 9, EV 85.0 MPH)
Bottom of the 5th over - 0 runs, 1 hit, 0 errors, 2 left on base; San Francisco (APP) 2 - Miami (APP) 2
TOP OF THE 6TH
San Francisco (APP) Giants batting - Pitching for Miami (APP) Marlins : RHP Yoshiro Tagawa
Pitching: RHP Tim Mills
Batting: RHB Gregorio Contreras 0-0: Swinging Strike
0-1: Ball
1-1: Fly out, F9 (Flyball, 9LDF, EV 104.4 MPH)
Batting: RHB Luis Andrade 0-0: Ball
1-0: Called Strike
1-1: Ball
2-1: Bunt missed!
2-2: Ball
3-2: Base on Balls
Batting: RHB Antonio Ocampo 0-0: Ball
1-0: Foul Ball, location: 2F
1-1: Ball
2-1: Swinging Strike
2-2: Ball
3-2: Strikes out swinging
Batting: RHB Luis Herrera 0-0: Called Strike
0-1: Ball
1-1: Ball
2-1: Ball
3-1: Called Strike
3-2: Foul Ball, location: 2F
3-2: Foul Ball, location: 2F
3-2: Fly out, F8 (Line Drive, 8RM, EV 96.9 MPH)
Top of the 6th over - 0 runs, 0 hits, 0 errors, 1 left on base; San Francisco (APP) 2 - Miami (APP) 2
BOTTOM OF THE 6TH
Miami (APP) Marlins batting - Pitching for San Francisco (APP) Giants : RHP Marcos Murcia
Pitching: RHP Ben Haddix
Batting: LHB D.J. White 0-0: Called Strike
0-1: Swinging Strike
0-2: Ball
1-2: Strikes out swinging
Batting: RHB Nate Stephenson 0-0: Ball
1-0: Swinging Strike
1-1: Ball
2-1: Ground out 4-3 (Groundball, 4, EV 92.5 MPH)
Batting: RHB Mario Navarro 0-0: Swinging Strike
0-1: Ball
1-1: Foul Ball, location: 2F
1-2: Strikes out swinging
Bottom of the 6th over - 0 runs, 0 hits, 0 errors, 0 left on base; San Francisco (APP) 2 - Miami (APP) 2
TOP OF THE 7TH
San Francisco (APP) Giants batting - Pitching for Miami (APP) Marlins : RHP Tim Mills
Pinch Hitting: LHB Tim Long 0-0: Ball
1-0: Ball
2-0: Swinging Strike
2-1: Ball
3-1: Foul Ball, location: 2F
3-2: Base on Balls
Batting: LHB Wilson Ayala 0-0: Ball
1-0: Swinging Strike
1-1: Ball
2-1: Ball
3-1: Called Strike
3-2: Strikes out swinging
Pitching: RHP Ju-ao Wa
Batting: LHB A.J. Paine 0-0: Ball
1-0: Ball
2-0: Ball
Tim Long is caught stealing 2nd base 2-6
3-0: Base on Balls
Batting: RHB Bobby Arteaga 0-0: Foul Ball, location: 2F
0-1: Ball
1-1: Foul Ball, location: 2F
1-2: Ball
2-2: Ball
3-2: Foul Ball, location: 2F
3-2: SINGLE (Line Drive, 8RS, EV 103.1 MPH)
A.J. Paine to second
A.J. Paine to third
Batting: RHB Nate Stio 0-0: Ball
1-0: Called Strike
1-1: Foul Ball, location: 2F
1-2: Foul Ball, location: 2F
1-2: SINGLE (Line Drive, 6M, EV 95.6 MPH)
A.J. Paine scores
Bobby Arteaga to second
Runner from 2nd tries for 3rd, SAFE, throw by CF made to third
Pitching: RHP Chia-kang Chuko
Batting: RHB Gregorio Contreras 0-0: DOUBLE (Line Drive, 3D, EV 102.5 MPH)
Bobby Arteaga scores
Nate Stio to third
Runner from 3rd tries for Home, SAFE, throw by RF to home
Batting: RHB Luis Andrade 0-0: Ball
1-0: Called Strike
1-1: Called Strike
1-2: Foul Ball, location: 2F
1-2: Foul Ball, location: 2F
1-2: Strikes out swinging
Top of the 7th over - 3 runs, 3 hits, 0 errors, 1 left on base; San Francisco (APP) 5 - Miami (APP) 2
BOTTOM OF THE 7TH
Miami (APP) Marlins batting - Pitching for San Francisco (APP) Giants : RHP Ben Haddix
Pitching: RHP Alex Tambunga
Now in CF: Tim Long
Pinch Hitting: RHB Mike Rutter 0-0: Called Strike
0-1: Ball
1-1: Ball
2-1: Ground out 5-3 (Groundball, 56, EV 109.4 MPH)
Batting: RHB Lu Tieh 0-0: Ball
1-0: Foul Ball, location: 2F
1-1: Ball
2-1: Foul Ball, location: 2F
2-2: Fly out, F3 (Popup, 3, EV 65.6 MPH)
Batting: RHB Ben Jezak 0-0: Ball
1-0: Ball
2-0: Ball
3-0: Base on Balls
Batting: SHB Matt Altieri 0-0: Called Strike
0-1: TRIPLE (Flyball, 78XD, EV 94.4 MPH)
Ben Jezak scores
Pitching: RHP Chris Murphy
Batting: RHB Kurt Wagner 0-0: Foul Ball, location: 2F
0-1: Ball
1-1: Fly out, F8 (Flyball, 8LD, EV 103.1 MPH)
Bottom of the 7th over - 1 run, 1 hit, 0 errors, 1 left on base; San Francisco (APP) 5 - Miami (APP) 3
TOP OF THE 8TH
San Francisco (APP) Giants batting - Pitching for Miami (APP) Marlins : RHP Chia-kang Chuko
Pitching: RHP Ted Payne
Batting: RHB Antonio Ocampo 0-0: Called Strike
0-1: Ball
1-1: Ball
2-1: Foul Ball, location: 2F
2-2: Ball
3-2: SINGLE (Groundball, 6MD, EV 98.8 MPH)
Pitching: RHP Marvin Watts
Batting: RHB Luis Herrera 0-0: Ball
1-0: Ball
2-0: Fielders Choice at 2nd, 6-4 (Groundball, 56, EV 103.1 MPH)
Batting: LHB Tim Long 0-0: Ball
1-0: Ball
2-0: Foul Ball, location: 2F
2-1: TRIPLE (Flyball, 8RXD, EV 88.1 MPH)
Luis Herrera scores
Batting: LHB Wilson Ayala 0-0: Called Strike
0-1: Swinging Strike
0-2: Ball
1-2: Foul Ball, location: 2F
1-2: Fly out, F7 (Flyball, 78M, EV 86.3 MPH)
Runner from 3rd tags up, SCORES, throw by LF
Batting: LHB A.J. Paine 0-0: Ball
1-0: Fly out, F8 (Flyball, 8RM, EV 80.0 MPH)
Top of the 8th over - 2 runs, 2 hits, 0 errors, 0 left on base; San Francisco (APP) 7 - Miami (APP) 3
BOTTOM OF THE 8TH
Miami (APP) Marlins batting - Pitching for San Francisco (APP) Giants : RHP Chris Murphy
Pitching: RHP Nick Wolford
Batting: LHB Tom Wleklinski 0-0: Ball
1-0: Foul Ball, location: 2F
1-1: Ball
2-1: SOLO HOME RUN (Flyball, 9D, EV 100.0 MPH), Distance : 376 ft
Batting: LHB D.J. White 0-0: Ball
1-0: Ball
2-0: Ball
3-0: Foul Ball, location: 2F
3-1: Called Strike
3-2: SINGLE (Groundball, 4MD, EV 98.8 MPH)
Pitching: RHP Nick Wood
Batting: RHB Nate Stephenson 0-0: Ball
Wild Pitch!
D.J. White to second
1-0: Ball
2-0: Called Strike
2-1: Foul Ball, location: 2F
2-2: Strikes out swinging
Pitching: LHP Rick Stark
Batting: RHB Mario Navarro 0-0: Fly out, F9 (Flyball, 9, EV 96.9 MPH)
Batting: RHB Marvin Watts 0-0: Ball
1-0: Called Strike
1-1: Foul Ball, location: 2F
1-2: Strikes out swinging
Bottom of the 8th over - 1 run, 2 hits, 0 errors, 1 left on base; San Francisco (APP) 7 - Miami (APP) 4
TOP OF THE 9TH
San Francisco (APP) Giants batting - Pitching for Miami (APP) Marlins : RHP Marvin Watts
Batting: RHB Bobby Arteaga 0-0: Foul Ball, location: 2F
0-1: Ball
1-1: Ball
2-1: Ball
3-1: Swinging Strike
3-2: Fly out, F9 (Line Drive, 9, EV 98.1 MPH)
Pinch Hitting: SHB Luis Arellano 0-0: Swinging Strike
0-1: Ball
1-1: Ball
2-1: Ball
3-1: Called Strike
3-2: Strikes out swinging
Batting: RHB Gregorio Contreras 0-0: Called Strike
0-1: Ball
1-1: Ground out 6-3 (Groundball, 6M, EV 85.0 MPH)
Top of the 9th over - 0 runs, 0 hits, 0 errors, 0 left on base; San Francisco (APP) 7 - Miami (APP) 4
BOTTOM OF THE 9TH
Miami (APP) Marlins batting - Pitching for San Francisco (APP) Giants : LHP Rick Stark
Pitching: RHP Joe Rasch
Batting: RHB Lu Tieh 0-0: Swinging Strike
0-1: Ball
1-1: Called Strike
1-2: Strikes out swinging
Batting: RHB Ben Jezak 0-0: Ball
1-0: Foul Ball, location: 2F
1-1: Called Strike
1-2: Foul Ball, location: 2F
1-2: Fly out, F7 (Flyball, 78S, EV 87.5 MPH)
Batting: SHB Matt Altieri 0-0: Foul Ball, location: 2F
0-1: Hit by Pitch
Batting: RHB Kurt Wagner 0-0: Ball
1-0: Ball
2-0: Ball
3-0: Called Strike
3-1: Foul Ball, location: 2F
3-2: Fly out, F8 (Line Drive, 8RD, EV 90.0 MPH)
Bottom of the 9th over - 0 runs, 0 hits, 0 errors, 1 left on base; San Francisco (APP) 7 - Miami (APP) 4
Tuesday, September 13th , 2022 - OOTP Baseball 23.7 Build 88